 Dungeon Crawl Stone Soup version 0.17-a0-1951-g62301d3 (webtiles) character file.

18 Geeful the Vexing (level 2, 0/13 HPs)
             Began as a Vine Stalker Enchanter on Oct 2, 2015.
             Slain by Robin
             ... wielding a +0 trident of venom
              (6 damage)
             ... on level 1 of the Dungeon.
             The game lasted 00:04:12 (650 turns).

Geeful the Vexing (Vine Stalker Enchanter)           Turns: 650, Time: 00:04:12

Health: 0/13       AC:  6    Str: 10    XL:     2   Next: 66%
Magic:  0/6        EV: 12    Int: 15    God:
Gold:   40         SH:  0    Dex: 14    Spells: 2 memorised, 2 levels left

rFire  . . .     SeeInvis .     k - +1 dagger (flame)
rCold  . . .     Clarity  .     b - +1 robe
rNeg   . . .     SustAt   .     (no shield)
rPois  .         Gourm    .     f - +0 helmet
rElec  .         Spirit   +     (no cloak)
rCorr  .         Warding  .     (no gloves)
rMut   .         Stasis   .     e - +1 pair of boots
MR     .....                    (no amulet)
Stlth  ++........               (no ring)
                                (no ring)

@: lethally poisoned (0 -> -16), not resistant to hostile enchantments,
unstealthy
A: fangs 2, regeneration 1, magic shield, antimagic bite, no device heal 3, rot
immunity
a: no special abilities


You were on level 1 of the Dungeon.
You were not hungry.

You visited 1 branch of the dungeon, and saw 2 of its levels.

You collected 40 gold pieces.

Inventory:

Hand weapons
 k - a +1 dagger of flaming (weapon)
Missiles
 h - 13 poisoned needles
Armour
 b - a +1 robe (worn)
 e - a +1 pair of boots (worn)
 f - a +0 helmet (worn)
Scrolls
 j - a scroll of identify {unknown}
Potions
 g - a potion of might {unknown}
Books
 c - a book of Maledictions

   Spells                             Type                      Level
   a - Corona                         Hexes                        1
   b - Ensorcelled Hibernation        Hexes/Ice                    2
   c - Confuse                        Hexes                        3
   d - Tukima's Dance                 Hexes                        3
   e - Dazzling Spray                 Conjuration/Hexes            3
Comestibles
 d - a bread ration
 i - 2 meat rations


   Skills:
 - Level 0.8 Short Blades
 - Level 1.5 Dodging
 - Level 3.6 Stealth
 - Level 2.1 Spellcasting
 + Level 3.9 Hexes


You had 2 spell levels left.
You knew the following spells:

 Your Spells              Type           Power        Failure   Level  Hunger
a - Corona                Hex            ##.....      6%          1    #......
b - Ensorcelled Hibernat  Hex/Ice        #.....       17%         2    ###....


Dungeon Overview and Level Annotations

Branches:
Dungeon (2/15)

Altars:

Annotations:
D:1 Robin


Innate Abilities, Weirdness & Mutations

You have extremely sharp teeth.
Your natural rate of healing is unusually fast.
When hurt, damage is shared between your health and your magic reserves.
Your bite disrupts and absorbs the magic of your enemies.
Potions and wands cannot restore your health.
You are immune to rotting.


Message History

Casting: Corona
Confirm with . or Enter, or press ? or * to list all spells.
Aiming: Ensorcelled Hibernation
Press: ? - help, Shift-Dir - straight line, f/p - Robin
Aim: Robin, wielding a trident of venom, wearing an animal skin and wearing a helmet (softly glowing, chance to defeat MR: 48%) Robin resists with some effort.
You feel sick.
You hit Robin but do no damage. You bite Robin, but do no damage.
Robin barely misses you.
You hit Robin. You burn Robin.
Robin is heavily wounded.
You feel sick. Robin hits you with a trident of venom.
You are lethally poisoned!
Casting: Ensorcelled Hibernation
Confirm with . or Enter, or press ? or * to list all spells.
Aiming: Ensorcelled Hibernation
Press: ? - help, Shift-Dir - straight line, f/p - Robin
Aim: Robin, wielding a trident of venom, wearing an animal skin and wearing a helmet (heavily wounded, softly glowing, chance to defeat MR: 48%) Robin resists with some effort.
You feel sick. Robin hits you with a trident of venom.
You die...

#.# ###.......# #.#######.#####
##.###.........# #.............#
.........####..############.#.#.#
##.###.#.###...##.......(.......#
#.# #.#.#......#.#.#.#####.#.#.#
#.###.#.#.#..>.)................
#.............##)#.#.######.....
######.........##.....# #.)#.#
.........#.#....@g..### #..#.#
.#########.#...###### #..... .#
#.#...####### #..#.# .#
#.#.........# ##.#.# .#
#.##..#####.# #.#.# .# #.##..#
#.# #)#.# .# ####.....# #.# #.#.#
.# #...###..#####.# #.#.# .#
#.#..........#.# #.#.#


You could see Robin.

Vanquished Creatures
  A giant gecko (D:1)
  3 goblins (D:1)
  2 hobgoblins (D:1)
  A bat (D:1)
  A giant newt (D:1)
  4 kobolds (D:1)
  5 rats (D:1)
17 creatures vanquished.

Notes
Turn   | Place    | Note
--------------------------------------------------------------
     0 | D:1      | Geeful the Vine Stalker Enchanter began the quest for the Orb.
     0 | D:1      | Reached XP level 1. HP: 9/9 MP: 4/4
   185 | D:1      | Reached XP level 2. HP: 13/13 MP: 6/6
   189 | D:1      | Learned a level 2 spell: Ensorcelled Hibernation
   631 | D:2      | Noticed Robin
   650 | D:1      | Slain by Robin

Vault maps used:
D:1:      dpeg_arrival_stone_temple_mockup
D:2:      tso_metal_star, gammafunk_temple_overflow_claw, uniq_robin,
          uniq_terence, uniq_jessica

Action                   || total
-------------------------++-------
Melee: Dagger            ||    40
 Cast: Corona            ||     5
       Ensorcelled Hiber ||     2
 Stab: Sleeping          ||     2
